 Dungeon Crawl Stone Soup version 0.28.0-53-g5a82cb258f (webtiles) character file.

Game seed: 14168676371203108279

110 Balmor the Slasher (level 4, 0/39 HPs)
             Began as a Hill Orc Fighter on May 28, 2022.
             Was an Initiate of Ru.
             Slain by a gnoll
             ... wielding a +0 flail
              (4 damage)
             ... on level 2 of the Dungeon.
             The game lasted 00:11:38 (1752 turns).

Balmor the Slasher (Hill Orc Fighter)               Turns: 1752, Time: 00:11:38

Health: 0/39       AC:  7    Str: 18    XL:     4   Next: 91%
Magic:  4/4        EV:  9    Int:  8    God:    Ru [......]
Gold:   57         SH:  4    Dex: 12    Spells: 3/3 levels left

rFire   . . .      SeeInvis .   a - +0 long sword
rCold   . . .      Faith    .   c - +0 buckler
rNeg    . . .      Spirit   .   b - +0 scale mail
rPois   .          Reflect  .   (no helmet)
rElec   .          Harm     .   (no cloak)
rCorr   .          Rampage  .   (no gloves)
Will    .....                   (no boots)
Stlth   ..........              (no amulet)
HPRegen 0.13/turn               (no ring)
MPRegen 0.09/turn               (no ring)

@: no status effects
A: no striking features
a: Renounce Religion, Sacrifice Courage, Sacrifice Experience, Sacrifice a Hand,
Reject Sacrifices


You were on level 2 of the Dungeon.
You worshipped Ru.
Ru was noncommittal.
You visited 1 branch of the dungeon, and saw 2 of its levels.

You collected 57 gold pieces.

Inventory:

Hand Weapons
 a - a +0 long sword (weapon)
 i - a +1 whip of electrocution
Armour
 b - a +0 scale mail (worn)
 c - a +0 buckler (worn)
Scrolls
 d - 2 scrolls of identify {unknown}
 g - a scroll of enchant weapon {unknown}
Potions
 e - a potion of mutation {unknown}
 f - a potion of attraction {unknown}
 h - a potion of haste {unknown}


   Skills:
 - Level 3.6 Fighting
 * Level 4.6 Long Blades
 + Level 4.3 Armour
 - Level 3.2 Shields


You had 3 spell levels left.
You didn't know any spells.
Your spell library contained the following spells:

 Spells                   Type           Power      Damage    Failure   Level
 Freeze                   Ice            0%         1d3       87%         1
 Frozen Ramparts          Ice            0%         1d2       99%         3
 Gell's Gravitas          Tloc           0%         N/A       99%         3
 Lesser Beckoning         Tloc           0%         N/A       99%         3
 Teleport Other           Tloc           0%         N/A       99%         3
 Hailstorm                Conj/Ice       0%         3d3       100%        4


Dungeon Overview and Level Annotations

Branches:
Dungeon (2/15)

Altars:
Ru


Message History

You closely miss the gnoll.
The gnoll shouts!
The gnoll hits you with a +0 flail.
You slash the gnoll!
The gnoll is severely wounded.
You block the gnoll's attack. The gnoll barely misses you.
You hit the gnoll but do no damage.
The gnoll is severely wounded.
The gnoll hits you with a +0 flail!
You closely miss the gnoll.
The gnoll is severely wounded.
The gnoll hits you with a +0 flail!
* * * LOW HITPOINT WARNING * * *
You are too injured to fight recklessly!
You are too injured to fight recklessly!
Char dumped successfully.
You completely miss the gnoll.
The gnoll is severely wounded.
The gnoll hits you with a +0 flail.
* * * LOW HITPOINT WARNING * * *
You hit the gnoll but do no damage.
The gnoll is severely wounded.
The gnoll closely misses you.
You hit the gnoll.
The gnoll is severely wounded.
The gnoll barely misses you. The gnoll hits you with a +0 flail.
* * * LOW HITPOINT WARNING * * *
You hit the gnoll.
The gnoll is almost dead.
The gnoll misses you.
You completely miss the gnoll.
The gnoll is almost dead.
The gnoll barely misses you.
You barely miss the gnoll.
The gnoll is almost dead.
You block the gnoll's attack.
You closely miss the gnoll.
The gnoll is almost dead.
The gnoll hits you with a +0 flail.
You die...

######.......###.#.##...####.#
#.......# #...##.........
#.#...#.###.#.##...#.....
#.##.###...##.######..... #.
#.# ##.###.# #..... #.##.#
#.###.# #...†. #.....# #...#.#
#..... ##.....#####.#.# #...†.
#.....ggg@.....# #.....
#......#####.#........###.
#..... #.########. #.# #./#.
#.# #.#.## #.#####..#.#### #.#
#. # #......<.!..... .#. # #
##.#####.#.#.#. # # # ... #
#.g# #


You could see 3 gnolls.

Vanquished Creatures
  2 gnolls (D:2)
  2 adders (D:2)
  4 worms (D:2)
  A dart slug (D:1)
  4 ball pythons
  4 endoplasms (D:1)
  2 giant cockroaches
  5 goblins
  6 hobgoblins
  5 jackals
  A quokka (D:1)
  8 bats
  3 frilled lizards
  4 kobolds
  9 rats
60 creatures vanquished.

Notes
Turn   | Place    | Note
-------+----------+-------------------------------------------
     0 | D:1      | Balmor the Hill Orc Fighter began the quest for the Orb.
     0 | D:1      | Reached XP level 1. HP: 19/19 MP: 1/1
   193 | D:1      | Reached XP level 2. HP: 26/26 MP: 2/2
   600 | D:1      | Found a faded altar of an unknown god.
   605 | D:1      | Reached XP level 3. HP: 31/31 MP: 3/3
   613 | D:1      | Prayed at the altar of an unknown god.
   613 | D:1      | Became a worshipper of Ru the Awakened
  1341 | D:2      | Reached XP level 4. HP: 27/39 MP: 4/4
  1752 | D:2      | Slain by a gnoll

Illustrated notes

Levels and vault maps discovered:
D:1:      saegor_arrival_miasma, layout_loops_cross,
          ebering_ecumenical_altar_ruins, st_stairs_13, minmay_misc_feat_tower
D:2:      minmay_door_path, layout_loops_ring

Skill      XL: |  1  2  3 |
---------------+----------+-----
Long Blades    | 3 4 |  4.6
Armour         | 4 |  4.3
Fighting       | |  3.6
Shields        | |  3.2

Action                   |  1- 3 |  4- 6 || total
-------------------------+-------+-------++-------
Melee: Long sword        |   103 |    56 ||   159
  Use: Potion            |     1 |       ||     1
Armor: Scale mail        |    53 |    13 ||    66
Dodge: Dodged            |    44 |    22 ||    66
Block: Buckler           |    29 |    12 ||    41
